 Dungeon Crawl Stone Soup version 0.31-a0-202-g547052bce9 (webtiles) character file.

Game seed: 3345021040439475508

473 qw the Skirmisher (level 6, -4/35 HPs)
             Began as a Deep Elf Hunter on June 26, 2023.
             Slain by Eustachio
             ... wielding a +0 rapier
              (8 damage)
             ... on level 4 of the Dungeon.
             The game lasted 00:00:59 (3027 turns).

qw the Skirmisher (Deep Elf Hunter)                 Turns: 3027, Time: 00:01:00

Health: -4/35      AC: 14    Str: 10      XL:     6   Next: 84%
Magic:  8/8        EV: 16    Int: 14      God:
Gold:   112        SH:  0    Dex: 17 (18) Spells: 5/5 levels left

rFire   . . .        Y - +0 shortbow
rCold   . . .        (shield currently unavailable)
rNeg    . . .        i - +5 ring mail of Ageompaxe {Fly}
rPois   .            (no helmet)
rElec   .            (no cloak)
rCorr   .            (no gloves)
SInv    .            (no boots)
Will    .....        (no amulet)
Stlth   +            k - +5 ring of evasion
HPRegen 0.25/turn    b - +4 ring of protection
MPRegen 0.11/turn

%: no passive effects
@: flying
A: no striking features
a: no special abilities


You were on level 4 of the Dungeon.
You visited 1 branch of the dungeon, and saw 4 of its levels.

You collected 112 gold pieces.


   Skills:
 - Level 2.2 Fighting
 + Level 10.2 Ranged Weapons
 - Level 3.3 Dodging
 - Level 1.2 Stealth


You had 5 spell levels left.
You didn't know any spells.
Your spell library was empty.

Inventory:

Hand Weapons
 Y - a +0 shortbow (weapon)
Armour
 i - the +5 ring mail of Ageompaxe (worn) {Fly}
   (You found it on level 3 of the Dungeon)

   Fly:       It grants you flight.
Jewellery
 b - a +4 ring of protection (right hand)
 k - a +5 ring of evasion (left hand)
Potions
 c - a potion of heal wounds {unknown}
 e - a potion of brilliance {unknown}
 h - a potion of haste {unknown}
 j - a potion of enlightenment

Dungeon Overview and Level Annotations

Branches:
Dungeon (4/15)
 Temple: D:4-7

Altars:
Ashenzari
Xom

Annotations:
D:4 Eustachio


Message History

The river rat misses you.
You shoot an arrow. The arrow hits the river rat.
The river rat is heavily wounded.
The river rat twitches its whiskers.
The river rat bites you but does no damage.
You shoot an arrow. The arrow barely misses Eustachio.
Eustachio hits you but does no damage. The river rat closely misses you.
You shoot an arrow. The arrow barely misses Eustachio.
Eustachio hits you with a +0 rapier. The river rat barely misses you.
You shoot an arrow. The arrow completely misses Eustachio.
The river rat barely misses you.
Eustachio mumbles some strange words.
Eustachio blinks!
You shoot an arrow. The arrow hits the river rat.
The river rat is severely wounded.
The river rat barely misses you.
You shoot an arrow. The arrow barely misses the river rat.
The river rat closely misses you.
You shoot an arrow. The arrow hits Eustachio!
Eustachio is almost dead.
Eustachio mumbles some strange words.
Eustachio blinks!
The river rat bites you but does no damage.
You shoot an arrow.
The arrow hits the river rat but does no damage.
The river rat is severely wounded.
The river rat bites you but does no damage.
You shoot an arrow.
The arrow hits the river rat but does no damage.
The river rat is severely wounded.
The river rat misses you.
Eustachio screams, "This atrocity can only be purified with blood!"
You shoot an arrow. The arrow closely misses the river rat.
The river rat bites you but does no damage.
You shoot an arrow. The arrow barely misses the river rat.
Eustachio casts a spell.
Eustachio blinks!
The river rat closely misses you.
You shoot an arrow. The arrow barely misses Eustachio.
The river rat misses you. Eustachio hits you with a +0 rapier!
You die...

#. #.# #.#
#.# #####.###
.......#####.
##..@.......
#...@)#
##..r## .#
##.## . #ยค#
##. #.# #..
##'## #.#
##...##
#.####
##.....##
#.##.##
##.......#


You could see Eustachio and a river rat (summoned).

Vanquished Creatures
  A black bear (D:4)
  2 ogres (D:4)
  A scorpion (D:4)
  A wight (D:4)
  A hound (D:4)
  2 adders
  3 dart slugs (D:1)
  2 orcs
  6 ball pythons
  8 endoplasms
  2 giant cockroaches
  5 goblins
  5 hobgoblins
  4 jackals
  4 bats
  A frilled lizard (D:1)
  2 kobolds (D:4)
  9 rats
59 creatures vanquished.

Notes
Turn   | Place    | Note
-------+----------+-------------------------------------------
     0 | D:1      | qw the Deep Elf Hunter began the quest for the Orb.
     0 | D:1      | Reached XP level 1. HP: 12/12 MP: 3/3
     0 | D:1      | 0 ||| qw: Version: 0.3-a-22-g0ed2b0b
     0 | D:1      | 0 ||| qw: Game counter: 6286
     0 | D:1      | 0 ||| qw: Melee chars always use a shield: true
     0 | D:1      | 0 ||| qw: God list: Okawaru
     0 | D:1      | 0 ||| qw: Allow faded altars: false
     0 | D:1      | 0 ||| qw: Do Orc after clearing Dungeon:15 true
     0 | D:1      | 0 ||| qw: Do second Lair branch before Depths: true
     0 | D:1      | 0 ||| qw: Lair rune preference: random
     0 | D:1      | 0 ||| qw: Goals: Normal
     0 | D:1      | 0 ||| PLANNING D:1-11
    25 | D:1      | 25 ||| FLEEEEING.
    26 | D:1      | 26 ||| FLEEEEING.
    27 | D:1      | 27 ||| FLEEEEING.
    96 | D:1      | Reached skill level 6 in Ranged Weapons
    96 | D:1      | Reached XP level 2. HP: 16/16 MP: 4/4
   733 | D:1      | 733 ||| READING 3 scrolls labelled KOOVAO GOKOALYSEC.
   734 | D:1      | 734 ||| READING scroll labelled SALOEDOPNAN.
   735 | D:1      | 735 ||| READING scroll labelled WAIPPOACOLYU.
   738 | D:1      | 738 ||| READING scroll labelled ZIBAPI FUKELA.
   739 | D:1      | 739 ||| DROPPING 2 scrolls of noise.
   740 | D:1      | 740 ||| DROPPING scroll of butterflies.
   778 | D:2      | Reached XP level 3. HP: 20/20 MP: 5/5
  1200 | D:2      | Reached skill level 7 in Ranged Weapons
  1451 | D:2      | 1451 ||| UPGRADING to +0 ring mail.
  1461 | D:2      | 1461 ||| DROPPING +0 leather armour.
  1462 | D:2      | 1462 ||| UPGRADING to ring of see invisible.
  1463 | D:2      | 1463 ||| UPGRADING to +4 ring of protection.
  1805 | D:3      | Reached XP level 4. HP: 25/25 MP: 6/6
  1924 | D:3      | Identified the +5 ring mail of Ageompaxe {Fly}
  2325 | D:3      | Found a broken altar of Ashenzari.
  2391 | D:3      | Found a shimmering altar of Xom.
  2487 | D:3      | 2487 ||| UPGRADING to +5 ring mail of Ageompaxe {Fly}.
  2497 | D:3      | 2497 ||| DROPPING +0 ring mail.
  2498 | D:3      | 2498 ||| UPGRADING to +5 ring of evasion.
  2500 | D:3      | 2500 ||| DROPPING ring of see invisible.
  2501 | D:3      | 2501 ||| READING 2 scrolls labelled VEANLA IRARI.
  2502 | D:3      | 2502 ||| READING scroll labelled HENTEL RAOQUEH.
  2503 | D:3      | 2503 ||| DRINKING 2 ruby potions.
  2504 | D:3      | 2504 ||| DRINKING 2 pink potions.
  2505 | D:3      | 2505 ||| DROPPING scroll of amnesia.
  2506 | D:3      | 2506 ||| DROPPING potion of degeneration.
  2591 | D:4      | Noticed an ogre
  2598 | D:4      | Killed an ogre
  2599 | D:4      | Reached skill level 8 in Ranged Weapons
  2599 | D:4      | Reached XP level 5. HP: 29/29 MP: 7/7
  2634 | D:4      | Noticed an ogre
  2644 | D:4      | Killed an ogre
  2645 | D:4      | Reached skill level 9 in Ranged Weapons
  2666 | D:4      | Reached XP level 6. HP: 27/35 MP: 8/8
  2720 | D:4      | Reached skill level 10 in Ranged Weapons
  2728 | D:4      | Reached skill level 3 in Dodging
  2962 | D:4      | Noticed Eustachio
  3007 | D:4      | HP: 5/35 [ufetubus[Eustachio] (4)]
  3009 | D:4      | HP: 2/35 [ufetubus[Eustachio] (3)]
  3018 | D:4      | HP: 2/35 [Eustachio/+0 rapier (3)]
  3027 | D:4      | Slain by Eustachio

Levels and vault maps discovered:
D:1:      lightli_arrival_lavapool, layout_basic
D:2:      layout_loops_ring, moated_statue
D:3:      layout_loops_ring, lemuel_doored_altar, mainiacjoe_overflow_alcove_1,
          serial_co_window_serial, co_window_paths_b,
          co_window_of_opportunity_a, co_window_paths_a,
          co_window_of_opportunity_a, co_window_paths_b,
          co_window_of_opportunity_b, co_window_corner_b, co_window_paths_c,
          co_window_sun, glass_columns_a, glass_columns_a, glass_columns_b,
          glass_columns_c, glass_columns_a, minmay_misc_feat_roman,
          minmay_randomly_rotated_circles
D:4:      minmay_angry_zag, layout_loops_corners, fedhas_altar_2,
          uniq_blork_the_orc, uniq_eustachio

Skill      XL: |  1  2  3  4  5  6 |
---------------+-------------------+-----
Ranged Weapons | 6 7 8 9 10 | 10.2
Fighting       | 2 |  2.2
Dodging        | 3 |  3.3
Stealth        | |  1.2

Action                     |  1- 3 |  4- 6 || total
---------------------------+-------+-------++-------
   Fire: Shortbow          |    90 |   144 ||   234
    Use: Scroll            |     4 |     2 ||     6
         Potion            |       |     2 ||     2
 Armour: Leather armour    |     8 |       ||     8
         Ring mail         |     1 |    93 ||    94
  Dodge: Dodged            |    16 |   160 ||   176

Table legend:
 A = Non-vault XP
 B = Vault XP
 C = Vault XP percentage of total XP
 D = Non-vault monster count
 E = Vault monster count
 F = Vault count percentage of total count
                 A         B        C        D         E       F
            +---------+---------+-------+---------+---------+-------
      Total |     268 |     409 |  60.4 |      45 |      14 |  23.7
            +---------+---------+-------+---------+---------+-------
        D:1 |      39 |       0 |   0.0 |      19 |       0 |   0.0
        D:2 |      31 |       0 |   0.0 |      11 |       0 |   0.0
        D:3 |      24 |      10 |  29.4 |       8 |       6 |  42.9
        D:4 |     174 |     399 |  69.6 |       7 |       8 |  53.3
            +---------+---------+-------+---------+---------+-------
